 Dungeon Crawl Stone Soup version 0.31.0-1-g2c135a0 (webtiles) character file.

Game seed: 2158241048677333516

1581299 Kayvon the Conqueror (level 26, 266/266 HPs)
             Began as a Minotaur Fighter on Feb 16, 2024.
             Was the Champion of Makhleb.
             Escaped with the Orb
             ... and 3 runes on Mar 12, 2024!
             The game lasted 16:42:18 (76615 turns).

Kayvon the Conqueror (Minotaur Fighter)            Turns: 76615, Time: 16:42:19

Health: 266/266    AC: 37    Str: 31    XL:     26   Next: 10%
Magic:  44/44      EV: 24    Int:  9    God:    Makhleb [******]
Gold:   5472       SH: 23    Dex: 25    Spells: 25/25 levels left

rFire   + . .        b - +9 demon whip (elec)
rCold   . . .        i - +5 kite shield {rPois}
rNeg    + + +        h - +8 plate armour of Words of Power {^Contam MP+9 Stlth+}
rPois   +            (helmet restricted)
rElec   +            U - +1 cloak of the Armadillo {^Drain rN+++ Dex+8}
rCorr   .            Y - +0 pair of fencer's gloves {Riposte Dex+3}
SInv    .            p - +2 pair of boots {Fly}
Will    ++...        v - amulet of guardian spirit Stlth
                     O - ring of protection from fire
HPRegen 0.64/turn    N - ring "Joehomuo" {rElec Will+ Str+6 Slay+3}
MPRegen 0.29/turn

%: random rage (3%), guardian spirit
@: flying, studying Summonings
A: horns 2, retaliatory headbutt, berserk 1, clever 1, weak 1
0: Orb of Zot
}: 3/15 runes: decaying, silver, gossamer
a: Renounce Religion, Minor Destruction, Lesser Servant of Makhleb, Major
Destruction, Greater Servant of Makhleb


You escaped.
You worshipped Makhleb.
Makhleb was exalted by your worship.
You visited 11 branches of the dungeon, and saw 50 of its levels.
You also visited: Ice Cave.

You collected 7737 gold pieces.
You spent 2265 gold pieces at shops.

Inventory:

Hand Weapons
 a - the +3 demon whip of Guwepyn {flame, rElec rF- rN+++ Dex+4}
   (You acquired it on level 12 of the Dungeon)

   Dex+4:     It affects your dexterity (+4).
   rF-:       It makes you vulnerable to fire.
   rElec:     It insulates you from electricity.
   rN+++:     It renders you almost immune to negative energy.
 b - a +9 demon whip of electrocution (weapon)
 l - the +3 whip of Urgency {protect, *Corrode +Blink rPois Str+5}
   (You found it on level 2 of the Realm of Zot)

   Str+5:     It affects your strength (+5).
   rPois:     It protects you from poison +Blink: It lets you blink.
   *Corrode:  It may corrode you when you take damage.
 B - a +7 demon whip of draining
Armour
 h - the +8 plate armour of Words of Power (worn) {^Contam MP+9 Stlth+}
   (You bought it in a shop on level 2 of the Orcish Mines)

   MP+9:      It affects your magic capacity (+9).
   ^Contam:   It causes magical contamination when unequipped.
   Stlth+:    It makes you more stealthy.
 i - a +5 kite shield of poison resistance (worn)
 p - a +2 pair of boots of flying (worn)
 U - the +1 cloak of the Armadillo (worn) {^Drain rN+++ Dex+8}
   (You found it on level 1 of the Vaults)

   Dex+8:     It affects your dexterity (+8).
   rN+++:     It renders you almost immune to negative energy.
   ^Drain:    It drains your maximum health when unequipped.
 Y - the +0 pair of fencer's gloves (worn) {Riposte Dex+3}
   (You took it off Nikola on level 2 of the Spider Nest)

   Riposte:   It allows the wearer to riposte with melee weapons, swiftly
   retaliating against missed or blocked melee attacks.
   Dex+3:     It affects your dexterity (+3).
Jewellery
 c - a ring of protection from cold
 o - a ring of protection from fire
 v - an amulet of guardian spirit (around neck)
 w - the ring of the Rabble {rF+ Will++ Slay-5}
   (You took it off an ironbound thunderhulk on level 4 of the Vaults)

   [ring of protection from fire]

   Slay-5:    It affects your accuracy & damage with ranged weapons and melee
   (-5).
   rF+:       It protects you from fire.
   Will++:    It greatly increases your willpower.
 A - a ring of resist corrosion
 C - a ring of poison resistance
 F - an amulet of reflection
 N - the ring "Joehomuo" (right hand) {rElec Will+ Str+6 Slay+3}
   (You took it off an orc on level 11 of the Dungeon)

   [ring of willpower]

   Str+6:     It affects your strength (+6).
   Slay+3:    It affects your accuracy & damage with ranged weapons and melee
   (+3).
   rElec:     It insulates you from electricity.
   Will+:     It increases your willpower.
 O - a ring of protection from fire (left hand)
 S - the ring of Mommoin {rN+ MP+9 Int+6}
   (You found it on level 2 of the Lair of Beasts)

   [ring of magical power]

   Int+6:     It affects your intelligence (+6).
   rN+:       It protects you from negative energy.
   MP+9:      It affects your magic capacity (+9).
Wands
 t - a wand of flame (3)
 u - a wand of mindburst (37)
 y - a wand of light (42)
 H - a wand of polymorph (40)
 L - a wand of digging (26)
 R - a wand of paralysis (26)
 V - a wand of iceblast (21)
Scrolls
 e - 11 scrolls of summoning
 m - 5 scrolls of blinking
 q - 22 scrolls of teleportation
 D - 3 scrolls of revelation
 J - 4 scrolls of fog
 T - 15 scrolls of poison
 X - 3 scrolls of enchant armour
 Z - 5 scrolls of fear
Potions
 d - 6 potions of might
 j - 3 potions of cancellation
 k - 6 potions of ambrosia
 n - 3 potions of invisibility
 r - 4 potions of heal wounds
 z - 9 potions of magic
 I - 7 potions of haste
 K - 7 potions of enlightenment
 M - 3 potions of resistance
 P - 19 potions of curing
Miscellaneous
 g - a tin of tremorstones (2/2)
 E - a phial of floods
 G - a lightning rod (4/4)
 Q - a sack of spiders (inert)


   Skills:
 O Level 27 Fighting
 - Level 2.8 Long Blades
 - Level 12.7 Maces & Flails
 + Level 22.7 Armour
 + Level 19.5 Dodging
 + Level 22.7 Shields
 + Level 19.8 Invocations
 - Level 19.6 Evocations


You had 25 spell levels left.
You didn't know any spells.
Your spell library contained the following spells:

 Spells                   Type           Power      Damage    Failure   Level
 Apportation              Tloc           0%         N/A       83%         1
 Foxfire                  Conj/Fire      0%         2x1d4     83%         1
 Shock                    Conj/Air       0%         1d3       83%         1
 Cigotuvi's Dreadful Rot  Necr/Alch/Air  0%         N/A       92%         2
 Ensorcelled Hibernation  Hex/Ice        0%         N/A       92%         2
 Jinxbite                 Hex            0%         N/A       92%         2
 Sublimation of Blood     Necr           0%         N/A       92%         2
 Dazzling Flash           Conj/Hex       0%         N/A       99%         3
 Frozen Ramparts          Ice            0%         1d1       99%         3
 Gell's Gravitas          Tloc           0%         N/A       99%         3
 Inner Flame              Hex/Fire       0%         N/A       99%         3
 Mephitic Cloud           Conj/Alch/Air  0%         N/A       99%         3
 Passwall                 Erth           0%         N/A       99%         3
 Stone Arrow              Conj/Erth      0%         3d7       99%         3
 Summon Ice Beast         Ice/Summ       0%         N/A       99%         3
 Swiftness                Air            0%         N/A       99%         3
 Teleport Other           Tloc           0%         N/A       99%         3
 Vampiric Draining        Necr           0%         2d6       99%         3
 Volatile Blastmotes      Fire/Tloc      0%         2d10      99%         3
 Airstrike                Air            0%         2d(0-16)  100%        4
 Anguish                  Hex/Necr       0%         N/A       100%        4
 Animate Armour           Summ/Erth      0%         N/A       100%        4
 Animate Dead             Necr           0%         N/A       100%        4
 Brom's Barrelling Bould  Conj/Erth      0%         2d3       100%        4
 Cause Fear               Hex            0%         N/A       100%        4
 Fulminant Prism          Conj/Alch      0%         3d5       100%        4
 Ignite Poison            Fire/Alch      0%         N/A       100%        4
 Iskenderun's Mystic Bla  Conj/Tloc      0%         2d3       100%        4
 Leda's Liquefaction      Alch/Erth      0%         N/A       100%        4
 Manifold Assault         Tloc           0%         N/A       100%        4
 Petrify                  Alch/Erth      0%         N/A       100%        4
 Summon Blazeheart Golem  Fire/Summ      0%         N/A       100%        4
 Vhi's Electric Charge    Tloc/Air       0%         N/A       100%        4
 Alistair's Intoxication  Alch           0%         N/A       100%        5
 Arcjolt                  Conj/Air       0%         1d10      100%        5
 Curse of Agony           Necr           0%         N/A       100%        5
 Fireball                 Conj/Fire      0%         3d3       100%        5
 Freezing Cloud           Conj/Ice/Air   0%         6-21      100%        5
 Irradiate                Conj/Alch      0%         3d11      100%        5
 Iskenderun's Battlesphe  Conj           0%         2d6       100%        5
 Metabolic Englaciation   Hex/Ice        0%         N/A       100%        5
 Silence                  Hex/Air        0%         N/A       100%        5
 Summon Forest            Summ/Tloc      0%         N/A       100%        5
 Summon Mana Viper        Hex/Summ       0%         N/A       100%        5
 Yara's Violent Unravell  Hex/Alch       0%         3d3       100%        5
 Conjure Ball Lightning   Conj/Air       0%         3x3d6     100%        6
 Death Channel            Necr           0%         N/A       100%        6
 Dispersal                Tloc           0%         N/A       100%        6
 Plasma Beam              Fire/Air       0%         2x1d10    100%        6
 Sculpt Simulacrum        Ice/Alch       0%         N/A       100%        6
 Starburst                Conj/Fire      0%         6d3       100%        6
 Summon Cactus Giant      Summ           0%         N/A       100%        6
 Enfeeble                 Hex            0%         N/A       100%        7
 Orb of Destruction       Conj           0%         9d5       100%        7
 Spellforged Servitor     Conj/Summ      0%         N/A       100%        7
 Discord                  Hex            0%         N/A       100%        8
 Disjunction              Tloc           0%         N/A       100%        8
 Ignition                 Fire           0%         3d3       100%        8
 Infestation              Necr           0%         N/A       100%        8
 Lehudib's Crystal Spear  Conj/Erth      0%         10d2      100%        8
 Maxwell's Capacitive Co  Air            0%         ∞         100%        8


Dungeon Overview and Level Annotations

Branches:
Dungeon (15/15)            Temple (1/1) D:5            Lair (5/5) D:8
  Swamp (4/4) Lair:3       Spider (4/4) Lair:3        Slime (0/5) Lair:5
    Orc (2/2) D:9             Elf (2/3) Orc:2        Vaults (5/5) D:13
  Crypt (3/3) Vaults:2       Tomb (0/3) Crypt:3      Depths (4/4) D:15
    Zot (5/5) Depths:4      IceCv (visited)

Altars:
Ashenzari
Cheibriados
Dithmenos
Elyvilon
Fedhas
Gozag
Hepliaklqana
Kikubaaqudgha
Makhleb
Nemelex Xobeh
Okawaru
Qazlal
Ru
Sif Muna
Trog
Uskayaw
Vehumet
Wu Jian
Xom
Yredelemnul
Zin
The Shining One
Jiyva

Shops:
D:5 ?   D:7 (   Orc:2 [*(=   Elf:2 *   Vaults:1 (   Vaults:5 !   Zot:4 **
Depths:1 *=[   Depths:4 ((=(

Portals:
Hell: Depths:1 Depths:2 Depths:3 Depths:4
Abyss: Depths:3
Pandemonium: Depths:2 Depths:3
Ziggurat: Depths:2

Annotations:
D:14 3 runed translucent doors, Jogov's ghost, journeyman DgHW
Spider:1 Roxanne
Orc:2 2 transporters, thefrozenturkey's ghost, journeyman MiHu
Elf:2 1 runed translucent door
Vaults:2 1 transporter
Vaults:4 Use trapdoor to V5
Depths:1 4 transporters
Zot:4 3 runed translucent doors, exclusion: obsidian statue, Jiorhin's ghost, legendary TrBe


Innate Abilities, Weirdness & Mutations

You have a pair of horns on your head.
You reflexively headbutt those who attack you in melee.
You sometimes lose your temper in combat.
Your mind is acute. (Int +4, Str/Dex -1)
You are weak. (Str -2)


Message History

There is a stone staircase leading down here.
What level of the Dungeon? (default 6, ? - help)
There is an open door here.
There is a stone staircase leading up here.
You fly upwards.
There is a stone staircase leading down here.
There is a stone staircase leading up here.
You fly upwards.
There is a stone staircase leading down here.
There is a stone staircase leading up here.
You fly upwards.
A daeva comes into view.
It is wielding a +3 long sword of holy wrath.
There is a stone staircase leading down here.
Press: ? - help, v - describe, . - travel
Here: a daeva, wielding a +3 long sword of holy wrath and wearing a +0 tower shield (haloed)
The floor.
Press: ? - help, v - describe, . - travel
Here: a daeva, wielding a +3 long sword of holy wrath and wearing a +0 tower shield (haloed)
The floor.
Aiming: Paralyse
Press: ? - help, Shift-Dir - straight line, f - daeva
Aim: a daeva, wielding a +3 long sword of holy wrath and wearing a +0 tower shield (haloed, chance to affect: 2%)
Okay, then.
Unknown command.
You remove your ring of protection from fire.
You feel stronger.
N - the ring "Joehomuo" (right hand) {rElec Will+ Str+6 Slay+3}
Press: ? - help, v - describe, . - travel
Here: a daeva, wielding a +3 long sword of holy wrath and wearing a +0 tower shield (haloed)
The floor.
Okay, then.
Unknown command.
There is an escape hatch in the ceiling here.
A mysterious force pulls you upwards. The hatch slams shut behind you.
Okay, then.
There is an open door here.
There is an open door here.
There is a staircase leading out of the dungeon here.
Unknown command.
You have escaped!

#.# #. ### ##.# ### ##.
#.##### ########..###.###..
#.....###.............##...
#....................##....
#.......#####...........###
#....####...####.....####..
#..###.........###'###.....
#..#......@......'.'......⌠
#..###.........###'###.....
#....####...####.....####..
###.....#####...###.....###
###..........##..........
###....###############.
###### #


There were no monsters in sight!

Vanquished Creatures
  Frederick (Vaults:4)
  A dread lich (Vaults:5)
  2 ancient liches
  10 orbs of fire
  3 juggernauts (Depths:3)
  2 Killer Klowns (Zot:5)
  Saint Roka (Vaults:2)
  2 curse toes
  8 golden dragons
  Nikola (Spider:2)
  3 bone dragons
  Jory (Vaults:4)
  3 electric golems
  2 doom hounds (Depths:4)
  A shard shrike skeleton (Crypt:3)
  26 Orb Guardians
  3 liches
  13 tentacled monstrosities
  The ghost of Biscolet the Slayer, an adept MiHu of Fedhas (Vaults:1)
  Asterion (Elf:2)
  9 quicksilver dragons
  4 titans
  Grunn (Depths:4)
  5 sphinxes
  21 storm dragons
  7 death cobs
  Agnes (Elf:1)
  2 ancient champions
  Kirke (Lair:4)
  3 shadow dragons
  9 tengu reavers
  Frances (Swamp:2)
  The ghost of frustrationSimulator the Unseen, an adept KoMo of Wu Jian (Elf:1)
  Donald (Spider:2)
  6 protean progenitors
  7 fire giants
  4 emperor scorpions
  3 revenants (Crypt:3)
  6 fenstrider witches
  4 draconian shifters
  2 draconian knights (Depths:4)
  An iron dragon (Vaults:5)
  7 frost giants
  A balrug (Depths:1)
  A draconian monk (Zot:2)
  11 vault wardens
  2 draconian scorchers
  3 curse skulls
  10 ghost moths
  An orc warlord (Orc:2)
  7 draconian stormcallers
  13 ironbound preservers
  5 draconian annihilators
  5 reapers
  6 ghouls
  A formless jellyfish (Vaults:4)
  10 very ugly things
  5 broodmothers
  7 ironbound thunderhulks
  2 deep elf demonologists
  14 vampire knights
  Nessos (Lair:4)
  7 black draconians
  A lorocyproca (D:12)
  15 stone giants
  10 green draconians
  3 deep elf death magi
  6 eleionomae
  5 war gargoyles
  15 spark wasps
  16 white draconians
  7 bunyips
  A deep elf annihilator (Zot:1)
  9 purple draconians
  13 yellow draconians
  21 dire elephants
  7 red draconians
  2 crystal guardians
  11 eidola
  Snorg (D:12)
  13 ettins
  9 entropy weavers
  3 shambling mangroves
  11 jiangshi
  12 fire dragons
  2 quicksilver dragon skeletons
  A quicksilver dragon zombie (Crypt:3)
  34 vault guards
  24 yaktaur captains
  4 great orbs of eyes
  2 rakshasas
  3 deep elf high priests
  21 hydras
  2 peacekeepers
  9 ice dragons
  A ghost crab (Swamp:4)
  2 spriggan zombies (Crypt:3)
  A hell beast (Depths:1)
  3 ogre magi
  2 radroaches
  7 centaur warriors
  A merfolk avatar (Lair:5)
  8 alligators
  A sphinx zombie (Vaults:1)
  6 spriggan air magi
  13 ironbound frosthearts
  2 jorogumos (Spider:3)
  3 death knights
  A two-headed ogre (shapeshifter) (Depths:4)
  9 two-headed ogres
  5 deep troll earth magi
  10 boulder beetles
  38 dancing weapons
  2 deep troll shamans
  5 tengu warriors
  A titan zombie (Crypt:2)
  A shock serpent (shapeshifter) (Depths:3)
  13 vampire magi
  An occultist (D:15)
  6 demonic crawlers
  16 spriggans
  5 spriggan berserkers
  4 orc high priests (Orc:2)
  3 skysharks
  Urug (D:13)
  A soul eater (Crypt:2)
  19 deep elf knights
  A sea snake (Lair:5)
  A death drake (shapeshifter) (Vaults:5)
  2 iron trolls
  16 skeletal warriors
  A quicksilver dragon simulacrum (Depths:1)
  7 pharaoh ants
  2 golden dragon zombies (Crypt:3)
  8 arcanists
  A mana viper (shapeshifter) (Depths:4)
  13 deep elf archers
  4 goliath frogs
  6 spriggan druids
  39 deep trolls
  A sun moth (Spider:1)
  7 orb spiders
  3 flayed ghosts
  2 bog bodies
  15 swamp dragons
  A harpy (shapeshifter) (Vaults:5)
  3 necromancers
  Pikel (D:7)
  22 lindwurms
  31 deep elf pyromancers
  21 phantasmal warriors
  A harpy (Lair:5)
  11 steelbarb worms
  A wolf spider zombie (D:15)
  16 ironbound convokers
  A shining eye (Spider:4)
  A stone giant zombie (Crypt:3)
  13 wolf spiders
  8 orc knights
  21 deep elf zephyrmancers
  A tengu skeleton (Vaults:1)
  48 ugly things
  3 orc sorcerers
  6 will-o-the-wisps
  A manticore (D:12)
  2 salamanders (Depths:2)
  5 cyclopes
  30 moths of wrath
  A shock serpent zombie (Crypt:1)
  3 dire elephant zombies (Crypt:3)
  8 meliai
  12 elephants
  A human skeleton (Vaults:4)
  10 vault sentinels
  9 black mambas
  2 water nymphs (Depths:2)
  2 ice statues (IceCv)
  A cane toad (shapeshifter) (Elf:1)
  8 torpor snails
  A water nymph (shapeshifter) (Zot:1)
  3 unseen horrors
  12 cane toads
  A minotaur zombie (Crypt:1)
  5 centaur zombies (D:15)
  6 rime drakes
  A gargoyle (D:10)
  A yaktaur zombie (Vaults:1)
  A grey draconian skeleton (Crypt:1)
  30 yaktaurs
  A mana viper skeleton (Crypt:1)
  A dryad (Depths:2)
  A swamp worm zombie (Crypt:3)
  A steelbarb worm zombie (Crypt:1)
  5 tengu conjurers
  An anaconda simulacrum (IceCv)
  5 ice devils (IceCv)
  An efreet (D:15)
  6 freezing wraiths
  10 komodo dragons
  A white draconian zombie (Crypt:3)
  A yaktaur skeleton (Vaults:5)
  A redback zombie (D:15)
  A tormentor (Depths:4)
  2 merfolk (Depths:2)
  A pale draconian skeleton (Crypt:1)
  4 trolls
  A merfolk (shapeshifter) (Vaults:5)
  A queen bee (shapeshifter) (Vaults:5)
  A queen bee (D:12)
  A harpy zombie (Crypt:3)
  17 hornets
  7 polar bears
  2 bloated husks
  10 tyrant leeches
  25 tarantellas
  An ice dragon zombie (Crypt:2)
  A jumping spider zombie (Crypt:2)
  A snapping turtle (Lair:5)
  25 blink frogs
  A dream sheep (Lair:2)
  A boulder beetle zombie (Crypt:2)
  2 harpy skeletons (Crypt:1)
  13 culicivoras
  15 jumping spiders
  Sigmund (D:2)
  31 slime creatures
  26 vampires
  2 tyrant leech zombies
  A water elemental (Elf:1)
  A shadow (D:13)
  67 yaks
  11 wyverns
  4 wraiths
  A golden eye (shapeshifter) (Orc:2)
  2 air elementals
  A death yak simulacrum (IceCv)
  A warg (Orc:1)
  40 redbacks
  2 steam dragons
  2 fire elementals (Elf:1)
  A chaos spawn (D:10)
  7 basilisks
  22 vampire mosquitoes
  A naga (shapeshifter) (D:15)
  2 harpy simulacra (IceCv)
  2 swamp worms (shapeshifter)
  An acid dragon (D:8)
  30 water moccasins
  14 swamp worms
  7 hydra simulacra (IceCv)
  A hell hound (Spider:1)
  A sky beast (D:7)
  A demonspawn skeleton (Crypt:3)
  6 swamp drakes
  18 orc warriors
  10 laughing skulls
  13 ogres
  6 wolves (Lair:5)
  An elephant skeleton (Crypt:1)
  A blink frog zombie (Crypt:2)
  8 centaurs
  5 boggarts
  A kobold brigand (D:10)
  A vine stalker zombie (Crypt:1)
  Blork the orc (D:6)
  8 bullfrogs
  2 gnoll sergeants
  3 scorpions
  A komodo dragon skeleton (Crypt:2)
  3 necrophages (Crypt:3)
  2 earth elementals
  A two-headed ogre simulacrum (IceCv)
  A yak zombie (Crypt:3)
  An elephant simulacrum (IceCv)
  22 killer bees
  An electric eel (Lair:4)
  5 howler monkeys
  4 bombardier beetles
  3 jellies
  6 hounds
  19 orc priests
  Jessica (D:2)
  A boggart zombie (D:15)
  2 iguanas
  18 orc wizards
  A sky beast zombie (Crypt:3)
  A crocodile skeleton (Crypt:3)
  A howler monkey skeleton (Crypt:3)
  8 adders
  19 gnolls
  4 white imps
  5 ufetubi
  A jelly zombie (Crypt:1)
  2 dart slugs
  40 orcs
  4 ball pythons
  12 bats
  2 bat zombies
  5 endoplasms
  5 giant cockroaches
  5 goblins
  6 hobgoblins
  10 kobolds
  6 quokkas
  A frilled lizard (D:2)
  A jackal skeleton (Crypt:2)
  A kobold skeleton (Crypt:1)
  An orc zombie (Crypt:2)
  5 rats
  An aspiring flesh (Zot:2)
2055 creatures vanquished.

Vanquished Creatures (collateral kills)
  An electric golem (Zot:2)
  A ghost moth (Spider:1)
  A broodmother (Spider:1)
  Azrael (Spider:1)
  A yaktaur captain (Vaults:1)
  An eidolon (Vaults:1)
  A crystal guardian (Zot:1)
  A centaur warrior (D:13)
  6 wolf spiders
  A necromancer (Vaults:1)
  A fire giant zombie (Vaults:1)
  A manticore (Lair:5)
  An elephant (Lair:5)
  A molten gargoyle (D:14)
  A yaktaur (Vaults:1)
  5 dream sheep (Lair:5)
  A blink frog (Lair:4)
  A jumping spider (Spider:1)
  4 fire elementals (Spider:1)
  3 yaks
  A wraith (D:14)
  2 redbacks (Spider:1)
  An acid dragon (D:14)
  2 hell hounds (Spider:1)
  A glowing shapeshifter skeleton (Vaults:1)
41 creatures vanquished.

Vanquished Creatures (others)
  2 fire giants
  A ghost moth (Zot:1)
  A white draconian (Zot:2)
  A deep elf knight (Elf:1)
  A deep troll (Vaults:5)
  A deep elf zephyrmancer (Elf:2)
  3 bloated husks
  A vampire mosquito (Swamp:1)
  A gnoll sergeant (D:13)
  21 foxfires
33 creatures vanquished.

Grand Total: 2129 creatures vanquished

Notes
Turn   | Place    | Note
-------+----------+-------------------------------------------
     0 | D:1      | Kayvon the Minotaur Fighter began the quest for the Orb.
     0 | D:1      | Reached XP level 1. HP: 19/19 MP: 0/0
   182 | D:1      | Reached XP level 2. HP: 27/27 MP: 1/1
   209 | D:1      | Found a faded altar of an unknown god.
   482 | D:1      | Reached skill level 4 in Fighting
   876 | D:1      | Reached XP level 3. HP: 33/33 MP: 2/2
  1055 | D:2      | Noticed Sigmund
  1105 | D:2      | Killed Sigmund
  1106 | D:2      | Reached skill level 5 in Fighting
  1106 | D:2      | Reached XP level 4. HP: 29/44 MP: 3/3
  1106 | D:2      | Reached XP level 5. HP: 33/50 MP: 4/4
  1229 | D:2      | Noticed Jessica
  1247 | D:2      | Killed Jessica
  1248 | D:2      | Reached skill level 5 in Shields
  1300 | D:2      | Reached skill level 6 in Fighting
  1300 | D:2      | Reached skill level 5 in Armour
  1326 | D:2      | Found an iron altar of Okawaru.
  1367 | D:2      | Identified a scroll of acquirement
  1368 | D:2      | Acquired 803 gold pieces
  1508 | D:2      | Reached XP level 6. HP: 50/57 MP: 5/5
  1776 | D:3      | Found a hazy altar of Hepliaklqana.
  2763 | D:4      | You are sucked into a shaft and drop 3 floors!
  2840 | D:6      | Found a glowing golden altar of the Shining One.
  2893 | D:5      | Entered Level 5 of the Dungeon
  2915 | D:5      | Found a staircase to the Ecumenical Temple.
  2928 | Temple   | Entered the Ecumenical Temple
  2938 | Temple   | Became a worshipper of Makhleb the Destroyer
  3303 | D:4      | Reached skill level 7 in Fighting
  3342 | D:4      | Found a sacrificial altar of Ru.
  3597 | D:5      | Reached XP level 7. HP: 66/66 MP: 6/6
  3791 | D:5      | Reached skill level 1 in Invocations
  3896 | D:5      | Reached * piety under Makhleb
  4346 | D:5      | Found Sobowk's Magic Scroll Shop.
  4353 | D:5      | Bought a scroll of fear for 48 gold pieces
  4353 | D:5      | Bought a scroll of fear for 48 gold pieces
  4353 | D:5      | Bought a scroll of teleportation for 36 gold pieces
  4455 | D:6      | Found a shimmering blue altar of Sif Muna.
  4516 | D:6      | Reached skill level 8 in Fighting
  4627 | D:6      | Noticed Blork the orc
  4643 | D:6      | Killed Blork the orc
  4744 | D:6      | Reached XP level 8. HP: 70/75 MP: 6/8
  4934 | D:6      | Identified the +0 chain mail "Zovihodosk" {+Inv}
  5482 | D:7      | Noticed Pikel
  5536 | D:7      | Killed Pikel
  5537 | D:7      | Reached skill level 9 in Fighting
  5843 | D:7      | Found a bloodstained altar of Trog.
  5926 | D:7      | Reached XP level 9. HP: 84/85 MP: 10/10
  5987 | D:7      | Reached skill level 10 in Fighting
  6025 | D:7      | Found Lada Reu's Antique Weapon Shop.
  6047 | D:7      | Bought a shimmering morningstar for 261 gold pieces
  6047 | D:7      | Identified the +6 morningstar of Cheibriados, Thieving
                  | {freeze, Int+2} (You bought it in a shop on level 7 of the
                  | Dungeon)
  6084 | D:7      | Reached skill level 1 in Maces & Flails
  6415 | D:7      | Found Vounuh's Magic Scroll Boutique.
  6560 | D:7      | Bought a glowing orcbow for 188 gold pieces
  7038 | D:7      | Reached skill level 5 in Maces & Flails
  7038 | D:7      | Reached skill level 5 in Invocations
  7148 | D:8      | Found a staircase to the Lair.
  7266 | D:8      | Reached XP level 10. HP: 94/94 MP: 12/12
  7441 | D:8      | Reached ** piety under Makhleb
  7814 | D:8      | Found a broken altar of Ashenzari.
  7814 | D:8      | Found a radiant altar of Vehumet.
  7818 | D:8      | Found a basalt altar of Yredelemnul.
  8097 | D:8      | Reached skill level 11 in Fighting
  8236 | D:10     | Entered Level 10 of the Dungeon
  8305 | D:9      | Found an ornate altar of the Wu Jian Council.
  8418 | D:9      | Found a staircase to the Orcish Mines.
  9137 | D:9      | Found a glowing silver altar of Zin.
  9529 | D:10     | Noticed a gargoyle
  9533 | D:10     | Killed a gargoyle
  9857 | D:10     | Reached XP level 11. HP: 103/103 MP: 14/14
 10270 | D:11     | Noticed a two-headed ogre
 10276 | D:11     | Killed a two-headed ogre
 10657 | D:11     | Noticed a boulder beetle
 10720 | D:10     | Killed a boulder beetle
 10721 | D:10     | Reached skill level 10 in Armour
 10784 | D:10     | Reached *** piety under Makhleb
 10809 | D:11     | Reached skill level 10 in Shields
 11057 | D:11     | Reached skill level 12 in Fighting
 11573 | D:11     | Identified the ring "Joehomuo" {rElec Will+ Str+6 Slay+3}
 11834 | D:12     | Reached skill level 10 in Maces & Flails
 12177 | D:12     | Noticed a boulder beetle
 12226 | D:12     | Found a frozen archway.
 12255 | D:12     | Killed a boulder beetle
 12255 | D:12     | Reached **** piety under Makhleb
 12436 | D:12     | Acquired the +3 demon whip of Guwepyn {flame, rElec rF-
                  | rN+++ Dex+4}
 12442 | IceCv    | Entered an ice cave
 12524 | IceCv    | Reached skill level 1 in Evocations
 12792 | IceCv    | Reached XP level 12. HP: 113/113 MP: 16/16
 13055 | IceCv    | Noticed a reaper
 13067 | IceCv    | Killed a reaper
 14155 | Lair:1   | Entered Level 1 of the Lair of Beasts
 14314 | D:8      | Reached skill level 13 in Fighting
 14950 | Lair:1   | Reached skill level 5 in Evocations
 15125 | Lair:1   | Reached ***** piety under Makhleb
 15151 | Lair:1   | Reached XP level 13. HP: 122/122 MP: 17/17
 15160 | Lair:1   | Found a transporter.
 15209 | Lair:1   | Found a transporter.
 16066 | Lair:2   | Reached skill level 14 in Fighting
 16290 | Lair:2   | Identified the ring of Mommoin {rN+ MP+9 Int+6}
 16858 | Lair:3   | Reached skill level 10 in Invocations
 16958 | Lair:3   | Found a bloodstained altar of Trog.
 17002 | Lair:3   | Found a staircase to the Swamp.
 17403 | Lair:3   | Found a hole to the Spider Nest.
 17794 | Lair:5   | Entered Level 5 of the Lair of Beasts
 17885 | Lair:4   | Reached XP level 14. HP: 133/133 MP: 21/21
 17936 | Lair:4   | Noticed Kirke
 17953 | Lair:4   | Killed Kirke
 18157 | Lair:4   | Noticed Nessos
 18173 | Lair:4   | Killed Nessos
 18618 | Lair:5   | Reached skill level 15 in Fighting
 19341 | Lair:5   | Found the +8 trident of the Octopus King {venom, rElec
                  | rPois}
 19465 | Lair:5   | Found a viscous altar of Jiyva.
 19466 | Lair:5   | Found a staircase to the Slime Pits.
 20468 | D:13     | Reached ****** piety under Makhleb
 20683 | D:13     | Found a gate to the Vaults.
 21060 | D:13     | Noticed Snorg
 21112 | D:12     | Reached skill level 16 in Fighting
 21290 | D:12     | Killed Snorg
 21465 | D:13     | Noticed Urug
 21483 | D:13     | Killed Urug
 21577 | D:13     | Reached XP level 15. HP: 130/144 MP: 24/24
 21708 | D:13     | Noticed Lodul
 21715 | D:13     | Lodul changed into Lodul the wyvern
 21715 | D:13     | Noticed Lodul
 21717 | D:13     | Killed Lodul the wyvern
 22174 | D:14     | Found a runed translucent gate.
 22174 | D:14     | Found a runed translucent gate.
 22175 | D:14     | Noticed Jogov's ghost (journeyman DgHW)
 22444 | D:14     | Found a runed translucent gate.
 22487 | D:14     | Identified the +0 leather armour of the Armoured One
                  | {Dex+3}
 23360 | D:15     | Entered Level 15 of the Dungeon
 24297 | D:15     | Reached skill level 10 in Evocations
 24763 | D:15     | Reached skill level 17 in Fighting
 24881 | D:15     | Reached skill level 15 in Invocations
 25069 | D:15     | Found a staircase to the Depths.
 25803 | Orc:1    | Entered Level 1 of the Orcish Mines
 25899 | Orc:2    | Entered Level 2 of the Orcish Mines
 26735 | Orc:2    | Found Sirukk's Antique Weapon Emporium.
 26824 | Orc:2    | Found Sahuh's General Store.
 26832 | Orc:2    | Bought a wand of flame (11) for 77 gold pieces
 26838 | Orc:2    | Found a staircase to the Elven Halls.
 26862 | Orc:2    | Reached XP level 16. HP: 152/155 MP: 26/26
 26913 | Orc:2    | Found Lot Epp's Jewellery Emporium.
 27036 | Orc:2    | Found a radiant altar of Vehumet.
 27097 | Orc:2    | Found a transporter.
 27100 | Orc:2    | Noticed thefrozenturkey's ghost (journeyman MiHu)
 27141 | Orc:2    | Found a transporter.
 27183 | Orc:2    | Found Doattuh's Antique Armour Shop.
 27195 | Orc:2    | Bought a brightly glowing plate armour for 868 gold pieces
 27195 | Orc:2    | Identified the +8 plate armour of Words of Power {^Contam
                  | MP+9 Stlth+} (You bought it in a shop on level 2 of the
                  | Orcish Mines)
 27478 | Orc:2    | Bought a ring of resist corrosion for 280 gold pieces
 27692 | Swamp:1  | Entered Level 1 of the Swamp
 28376 | Swamp:2  | Noticed Frances
 28724 | Swamp:2  | Killed Frances
 29604 | Swamp:3  | Reached skill level 18 in Fighting
 30092 | Swamp:4  | Entered Level 4 of the Swamp
 31164 | Swamp:4  | Reached XP level 17. HP: 166/166 MP: 28/28
 31237 | Swamp:4  | Got a decaying rune of Zot
 31621 | Spider:1 | Entered Level 1 of the Spider Nest
 31824 | Spider:1 | Noticed Roxanne
 31917 | Spider:1 | Noticed Azrael
 31925 | Spider:1 | Killed Azrael
 32159 | Spider:1 | Reached skill level 19 in Fighting
 33275 | Spider:2 | Noticed Nikola
 33286 | Spider:2 | Killed Nikola
 33330 | Spider:2 | You are sucked into a shaft and drop 1 floor!
 33492 | Spider:2 | Noticed Donald
 33504 | Spider:2 | Killed Donald
 34567 | Spider:4 | Entered Level 4 of the Spider Nest
 34796 | Spider:3 | Reached XP level 18. HP: 168/178 MP: 24/29
 34965 | Spider:4 | Reached skill level 20 in Fighting
 35219 | Spider:4 | Gained mutation: Your body sometimes deteriorates upon
                  | taking damage. [a shining eye]
 35220 | Spider:4 | Gained mutation: Your spells are a little harder to cast,
                  | but a little more powerful. [a shining eye]
 35224 | Spider:4 | Gained mutation: Your health recovers twice as slowly from
                  | being drained. [a shining eye]
 35255 | Spider:3 | Lost mutation: Your spells are a little harder to cast, but
                  | a little more powerful. [potion of mutation]
 35255 | Spider:3 | Lost mutation: Your body sometimes deteriorates upon taking
                  | damage. [potion of mutation]
 35255 | Spider:3 | Lost mutation: Your health recovers twice as slowly from
                  | being drained. [potion of mutation]
 35255 | Spider:3 | Gained mutation: You sometimes lose your temper in combat.
                  | [potion of mutation]
 35255 | Spider:3 | Gained mutation: You expend magic power (3 MP) to
                  | strengthen your wands. [potion of mutation]
 35256 | Spider:3 | Lost mutation: You expend magic power (3 MP) to strengthen
                  | your wands. [potion of mutation]
 35256 | Spider:3 | Lost mutation: You sometimes lose your temper in combat.
                  | [potion of mutation]
 35256 | Spider:3 | Gained mutation: Your mind is acute. (Int +4, Str/Dex -1)
                  | [potion of mutation]
 35766 | Spider:4 | Reached skill level 15 in Armour
 36014 | Spider:4 | Got a gossamer rune of Zot
 36394 | Elf:1    | Entered Level 1 of the Elven Halls
 37185 | Elf:1    | Noticed frustrationSimulator's ghost (adept KoMo)
 37188 | Elf:1    | Found a runed translucent door.
 38620 | Elf:1    | Killed frustrationSimulator's ghost
 38659 | Elf:1    | You are sucked into a shaft and drop 1 floor!
 38697 | Elf:2    | Reached skill level 21 in Fighting
 39754 | Elf:2    | Noticed Agnes
 39898 | Elf:1    | Killed Agnes
 40195 | Elf:2    | Reached XP level 19. HP: 190/190 MP: 31/31
 40212 | Elf:2    | Found Hubedwa's Assorted Antiques.
 40215 | Elf:2    | Found a radiant altar of Vehumet.
 40218 | Elf:2    | Paralysed by an air elemental for 1 turns
 40584 | Elf:2    | Found a runed translucent door.
 40610 | Elf:2    | Found a runed translucent door.
 40801 | Elf:2    | Noticed Asterion
 40828 | Elf:2    | Killed Asterion
 41640 | Elf:1    | HP: 9/190 [+4 battleaxe of freezing (9)]
 43028 | Vaults:1 | Entered Level 1 of the Vaults
 43628 | Vaults:1 | Reached skill level 22 in Fighting
 44014 | Vaults:1 | Reached skill level 15 in Shields
 44480 | Vaults:1 | Found Luvawk's Weapon Shoppe.
 45074 | Vaults:1 | Found a runed translucent gate.
 45074 | Vaults:1 | Found a runed translucent gate.
 45074 | Vaults:1 | Found a runed translucent gate.
 45076 | Vaults:1 | Noticed Biscolet's ghost (adept MiHu)
 45330 | Vaults:1 | Killed Biscolet's ghost
 45337 | Vaults:1 | Identified the +1 cloak of the Armadillo {^Drain rN+++
                  | Dex+8}
 45736 | Vaults:2 | Acquired a manual of Evocations
 46085 | Vaults:2 | Reached XP level 20. HP: 185/202 MP: 32/32
 46395 | Vaults:2 | Reached skill level 23 in Fighting
 46539 | Vaults:2 | Reached skill level 15 in Evocations
 46804 | Vaults:2 | Identified the +1 halberd "Guxeulom" {pain, +Blink rElec
                  | MP+9 Int-5}
 46823 | Vaults:2 | Found a staircase to the Crypt.
 46823 | Vaults:2 | Found a basalt altar of Yredelemnul.
 46855 | Vaults:2 | Found an ancient bone altar of Kikubaaqudgha.
 46903 | Vaults:2 | Found a transporter.
 46904 | Vaults:2 | Found a radiant altar of Vehumet.
 47105 | Vaults:2 | Noticed Saint Roka
 47124 | Vaults:2 | Killed Saint Roka
 47989 | Vaults:4 | Noticed Jory
 48837 | Vaults:4 | Identified the orb of the Distant Future {light, rPois rF-
                  | Dex+2}
 48837 | Vaults:4 | Noticed Frederick
 48857 | Vaults:4 | Killed Frederick
 49262 | Vaults:4 | Identified the ring of the Rabble {rF+ Will++ Slay-5}
 49420 | Vaults:4 | Killed Jory
 49873 | Vaults:4 | Reached skill level 24 in Fighting
 50619 | Depths:1 | Entered Level 1 of the Depths
 50694 | Depths:1 | Noticed a bone dragon
 51005 | Depths:1 | Reached XP level 21. HP: 188/214 MP: 33/33
 51283 | Depths:1 | Found a transporter.
 51284 | Depths:1 | Found a transporter.
 51325 | Depths:1 | Found a transporter.
 51326 | Depths:1 | Found a transporter.
 51455 | Depths:1 | Found Bareyhir's General Store.
 51540 | Depths:1 | Found Dafocafa's Jewellery Shop.
 51548 | Depths:1 | Bought a ring of protection from fire for 375 gold pieces
 51620 | Depths:1 | Found a gateway to Hell.
 51776 | Depths:1 | Found Onesinur's Armour Shoppe.
 52335 | Depths:2 | Found a broken altar of Ashenzari.
 52359 | Depths:2 | Found a one-way gate leading to the halls of Pandemonium.
 52491 | Depths:2 | Identified the +9 broad axe "Tecwuwn" {heavy, rPois rN+
                  | rCorr Dex-2}
 52715 | Depths:2 | Identified the +0 ring mail "Zufei" {rPois SInv}
 52874 | Depths:2 | Identified the +0 leather armour of Kuraj {rElec Will+
                  | Int+3}
 52901 | Depths:2 | Found a one-way gateway to a ziggurat.
 52960 | Depths:2 | Reached skill level 1 in Dodging
 53085 | Depths:2 | Identified the +8 mace "Laof" {drain, rElec rN+ Str+3
                  | Dex-3}
 53985 | Depths:3 | Reached skill level 25 in Fighting
 54223 | Depths:3 | Noticed a juggernaut
 54239 | Depths:3 | Killed a juggernaut
 54355 | Depths:3 | Noticed a juggernaut
 54394 | Depths:3 | Killed a juggernaut
 54527 | Depths:3 | Noticed a juggernaut
 54538 | Depths:3 | Killed a juggernaut
 54539 | Depths:3 | Reached skill level 5 in Dodging
 54662 | Depths:3 | Identified the staff of Tush {rElec rN+ Stlth- Summ Air}
 54788 | Depths:3 | Found a one-way gate to the infinite horrors of the Abyss.
 54872 | Depths:4 | Entered Level 4 of the Depths
 54939 | Depths:4 | Found Idiol's Weapon Shop.
 55024 | Depths:4 | Found Tityrch's Jewellery Shoppe.
 55029 | Depths:4 | Noticed Grunn
 55048 | Depths:4 | Killed Grunn
 55054 | Depths:4 | Reached XP level 22. HP: 226/226 MP: 34/34
 55308 | Depths:4 | Noticed a golden dragon
 55324 | Depths:4 | Killed a golden dragon
 55678 | Depths:4 | Found a gate to the Realm of Zot.
 55840 | Depths:4 | Paralysed by a hornet for 3 turns
 56194 | Depths:4 | Found Wola's Weapon Boutique.
 56214 | Depths:4 | Found Onub's Weapon Shop.
 57139 | Crypt:1  | Entered Level 1 of the Crypt
 57983 | Crypt:1  | Found a shadowy altar of Dithmenos.
 58684 | Crypt:1  | Reached skill level 26 in Fighting
 59291 | Crypt:3  | Entered Level 3 of the Crypt
 59397 | Crypt:2  | Paralysed by something for 3 turns
 61550 | Crypt:3  | Reached skill level 10 in Dodging
 61734 | Crypt:3  | Reached XP level 23. HP: 231/238 MP: 35/35
 62076 | Crypt:3  | Found the +3 Elemental Staff {ele, rElec rF+ rC+ AC+3}
 62113 | Crypt:3  | Got Nakk's Quarto of Death
 62448 | Crypt:3  | Identified the +2 morningstar "Bufri" {flame, rF- Str+3
                  | Int+3 Dex+4}
 62529 | Crypt:3  | Found a staircase to the Tomb.
 62924 | Vaults:5 | Entered Level 5 of the Vaults
 62925 | Vaults:5 | Found Taehugem's Distillery.
 63032 | Vaults:5 | Identified the +6 arbalest "Qoemot" {drain, rCorr}
 63035 | Vaults:5 | Bought a potion of might for 84 gold pieces
 63051 | Vaults:5 | Identified the staff of Waffadwyse {*Slow rElec rPois rC+++
                  | Int+3 Alchemy}
 63099 | Vaults:5 | Reached skill level 27 in Fighting
 63891 | Vaults:5 | Noticed a dread lich
 63894 | Vaults:5 | Paralysed by a dread lich for 2 turns
 63906 | Vaults:5 | Killed a dread lich
 63930 | Vaults:5 | Got a silver rune of Zot
 63998 | Vaults:5 | Identified the amulet "Fetudwi" {RegenMP Harm rElec Int-3}
 64044 | Vaults:5 | Identified the +2 leather armour "Jaila" {Harm}
 64302 | Vaults:5 | Identified the +1 battleaxe of Pride {heavy, Str+3 Int+3
                  | Stlth-}
 64483 | Vaults:5 | Got the Writings on the Icicle
 64545 | Vaults:5 | Noticed an ancient lich
 64559 | Vaults:5 | Killed an ancient lich
 64560 | Vaults:5 | Reached XP level 24. HP: 249/249 MP: 35/35
 64707 | Vaults:5 | Identified the +8 shortbow of Ymiaxale {antimagic, ^Contam
                  | rPois Str+3}
 64759 | Vaults:5 | Identified the +8 war axe of the Four Places {spect, rC+
                  | rCorr Stlth+}
 64815 | Vaults:5 | Reached skill level 15 in Dodging
 64941 | Vaults:5 | Identified the staff of Daomill {rF+ Int+5 Fire Air}
 64950 | Vaults:5 | Identified the +3 leather armour "Zudghien" {Will- Int+4}
 65480 | Zot:1    | Entered Level 1 of the Realm of Zot
 65480 | Zot:1    | Noticed an orb of fire
 65482 | Zot:1    | Gained mutation: You are clumsy. (Dex -2) [an orb of fire]
 65507 | Zot:1    | Gained mutation: You occasionally shout uncontrollably at
                  | your foes. [an orb of fire]
 65511 | Zot:1    | Killed an orb of fire
 67989 | Zot:2    | Identified the +3 whip of Urgency {protect, *Corrode +Blink
                  | rPois Str+5}
 71182 | Zot:4    | Reached XP level 25. HP: 256/257 MP: 8/35
 71426 | Zot:4    | Identified the +2 plate armour of Hubbelua {rElec rN+++
                  | Regen+ Dex-3}
 71795 | Zot:4    | Found a runed translucent gate.
 71795 | Zot:4    | Found a runed translucent gate.
 71795 | Zot:4    | Found a runed translucent gate.
 71796 | Zot:4    | Found an opulent altar of Gozag.
 71796 | Zot:4    | Found Luik's Assorted Antiques.
 71797 | Zot:4    | Noticed Jiorhin's ghost (legendary TrBe)
 71798 | Zot:4    | Found Maggusa's Assorted Antiques.
 72048 | Zot:5    | Entered Level 5 of the Realm of Zot
 72142 | Zot:4    | Identified the +0 pair of gloves of the Northern Lights
                  | {Will+ rCorr}
 72563 | Zot:5    | Noticed an orb of fire
 72563 | Zot:5    | Gained mutation: You have hidden genetic defects. [an orb
                  | of fire]
 72577 | Zot:5    | Gained mutation: You occasionally lose the ability to drink
                  | potions when taking damage. [an orb of fire]
 72977 | Zot:5    | Gained mutation: You sometimes lose your temper in combat.
                  | [an orb of fire]
 72980 | Zot:5    | Killed an orb of fire
 73612 | Zot:5    | Noticed an ancient lich
 73643 | Zot:5    | Killed an ancient lich
 73718 | Zot:5    | Noticed an orb of fire
 73735 | Zot:5    | Gained mutation: You occasionally lose the ability to read
                  | scrolls when taking damage. [an orb of fire]
 73740 | Zot:5    | Killed an orb of fire
 73762 | Zot:5    | Gained mutation: Your magical capacity is low. (-10% MP)
                  | [hidden defects]
 73942 | Zot:4    | Lost mutation: Your magical capacity is low. (-10% MP)
                  | [potion of mutation]
 73942 | Zot:4    | Lost mutation: You have hidden genetic defects. [potion of
                  | mutation]
 73942 | Zot:4    | Gained mutation: You are covered in fur. (AC +1) [potion of
                  | mutation]
 73942 | Zot:4    | Gained mutation: Your magical capacity is low. (-10% MP)
                  | [potion of mutation]
 73942 | Zot:4    | Lost mutation: You sometimes lose your temper in combat.
                  | [potion of mutation]
 73943 | Zot:4    | Lost mutation: You are covered in fur. (AC +1) [potion of
                  | mutation]
 73943 | Zot:4    | Lost mutation: Your mind is acute. (Int +4, Str/Dex -1)
                  | [potion of mutation]
 73943 | Zot:4    | Lost mutation: You occasionally lose the ability to read
                  | scrolls when taking damage. [potion of mutation]
 73943 | Zot:4    | Lost mutation: You occasionally lose the ability to drink
                  | potions when taking damage. [potion of mutation]
 73975 | Zot:5    | Noticed a Killer Klown
 74000 | Zot:5    | Killed a Killer Klown
 74014 | Zot:5    | Noticed an orb of fire
 74014 | Zot:5    | Gained mutation: Potions are less effective at restoring
                  | your health. [an orb of fire]
 74020 | Zot:5    | Gained mutation: You are vulnerable to cold. (rC-) [an orb
                  | of fire]
 74022 | Zot:5    | Gained mutation: Your health recovers twice as slowly from
                  | being drained. [an orb of fire]
 74023 | Zot:5    | Gained mutation: You sometimes lose your temper in combat.
                  | [an orb of fire]
 74040 | Zot:5    | Gained mutation: You frequently scream uncontrollably at
                  | your foes. [an orb of fire]
 74045 | Zot:5    | Killed an orb of fire
 74209 | Zot:5    | Noticed an orb of fire
 74226 | Zot:5    | Gained mutation: You are resistant to electric shocks.
                  | (rElec) [an orb of fire]
 74239 | Zot:5    | Gained mutation: You are very vulnerable to cold. (rC--)
                  | [an orb of fire]
 74243 | Zot:5    | Gained mutation: You occasionally lose the ability to drink
                  | potions when taking damage. [an orb of fire]
 74263 | Zot:5    | Killed an orb of fire
 74747 | Zot:5    | Noticed a Killer Klown
 74944 | Zot:5    | Noticed an orb of fire
 74947 | Zot:5    | Killed a Killer Klown
 74948 | Zot:5    | Gained mutation: Your spells are a little easier to cast,
                  | but a little less powerful. [an orb of fire]
 74965 | Zot:5    | Gained mutation: You occasionally lose the ability to read
                  | scrolls when taking damage. [an orb of fire]
 74967 | Zot:5    | Killed an orb of fire
 75138 | Zot:5    | Noticed an orb of fire
 75146 | Zot:5    | Gained mutation: You are frail. (-10% HP) [an orb of fire]
 75162 | Zot:5    | Killed an orb of fire
 75327 | Zot:5    | Noticed an orb of fire
 75344 | Zot:5    | Gained mutation: Your spells are easier to cast, but less
                  | powerful. [an orb of fire]
 75352 | Zot:5    | Lost mutation: Your magical capacity is low. (-10% MP) [an
                  | orb of fire]
 75357 | Zot:5    | Killed an orb of fire
 75515 | Zot:5    | Noticed an orb of fire
 75517 | Zot:5    | Gained mutation: You are very clumsy. (Dex -4) [an orb of
                  | fire]
 75528 | Zot:5    | Lost mutation: You occasionally lose the ability to drink
                  | potions when taking damage. [an orb of fire]
 75534 | Zot:5    | Lost mutation: You are resistant to electric shocks.
                  | (rElec) [an orb of fire]
 75537 | Zot:5    | Killed an orb of fire
 75620 | Zot:5    | Reached XP level 26. HP: 239/239 MP: 35/35
 75692 | Zot:5    | Noticed an orb of fire
 75744 | Zot:5    | Gained mutation: You are weak. (Str -2) [an orb of fire]
 75753 | Zot:5    | Killed an orb of fire
 75910 | Zot:5    | Lost mutation: Potions are less effective at restoring your
                  | health. [potion of mutation]
 75910 | Zot:5    | Lost mutation: You are weak. (Str -2) [potion of mutation]
 75910 | Zot:5    | Lost mutation: You are very clumsy. (Dex -4) [potion of
                  | mutation]
 75911 | Zot:5    | Lost mutation: You are very vulnerable to cold. (rC--)
                  | [potion of mutation]
 75911 | Zot:5    | Lost mutation: You frequently scream uncontrollably at your
                  | foes. [potion of mutation]
 75911 | Zot:5    | Lost mutation: You occasionally shout uncontrollably at
                  | your foes. [potion of mutation]
 75911 | Zot:5    | Lost mutation: Your health recovers twice as slowly from
                  | being drained. [potion of mutation]
 75912 | Zot:5    | Lost mutation: You are clumsy. (Dex -2) [potion of
                  | mutation]
 75912 | Zot:5    | Lost mutation: Your spells are easier to cast, but less
                  | powerful. [potion of mutation]
 75912 | Zot:5    | Lost mutation: You occasionally lose the ability to read
                  | scrolls when taking damage. [potion of mutation]
 75912 | Zot:5    | Lost mutation: You are vulnerable to cold. (rC-) [potion of
                  | mutation]
 75912 | Zot:5    | Gained mutation: You occasionally lose the ability to read
                  | scrolls when taking damage. [potion of mutation]
 75912 | Zot:5    | Gained mutation: You are agile. (Dex +4, Str/Int -1)
                  | [potion of mutation]
 75913 | Zot:5    | Lost mutation: You are frail. (-10% HP) [potion of
                  | mutation]
 75913 | Zot:5    | Lost mutation: You are agile. (Dex +4, Str/Int -1) [potion
                  | of mutation]
 75913 | Zot:5    | Lost mutation: You sometimes lose your temper in combat.
                  | [potion of mutation]
 75913 | Zot:5    | Gained mutation: You are frail. (-10% HP) [potion of
                  | mutation]
 75913 | Zot:5    | Lost mutation: Your spells are a little easier to cast, but
                  | a little less powerful. [potion of mutation]
 75913 | Zot:5    | Gained mutation: You sometimes lose your temper in combat.
                  | [potion of mutation]
 75913 | Zot:5    | Gained mutation: Your muscles are strong. (Str +4, Int/Dex
                  | -1) [potion of mutation]
 75914 | Zot:5    | Lost mutation: Your muscles are strong. (Str +4, Int/Dex
                  | -1) [potion of mutation]
 75914 | Zot:5    | Lost mutation: You are frail. (-10% HP) [potion of
                  | mutation]
 75914 | Zot:5    | Lost mutation: You occasionally lose the ability to read
                  | scrolls when taking damage. [potion of mutation]
 75914 | Zot:5    | Gained mutation: Armour fits poorly on your strangely
                  | shaped body. [potion of mutation]
 75914 | Zot:5    | Gained mutation: Your mind is acute. (Int +4, Str/Dex -1)
                  | [potion of mutation]
 75914 | Zot:5    | Lost mutation: Armour fits poorly on your strangely shaped
                  | body. [potion of mutation]
 75917 | Zot:5    | Got the Orb of Zot
 76006 | Zot:2    | Gained mutation: You are weak. (Str -2) [a neqoxec]
 76615 | D:$      | Escaped with the Orb!

Illustrated notes

Levels and vault maps discovered:
D:1:      elethiomel_arrival_infinity_welcomes_careful_drivers,
          layout_loops_cross, shapermc_ecumenical_altar_gd,
          minmay_misc_feat_rows, minmay_misc_feat_rugged
D:2:      layout_rooms, basic_altar, minmay_door_square, nicolae_grassy_gnolls,
          uniq_sigmund, uniq_jessica
D:3:      layout_basic, nicolae_hepliaklqana_hazy_memory,
          nicolae_kite_square_tiling_tiny
D:4:      layout_rooms, nicolae_ru_path_of_blood, minmay_misc_feat_roman
D:5:      layout_basic, minmay_temple_entry_tees, serial_shops,
          nicolae_shop_advertising_works [nicolae_subvault_shop_adworks],
          hangedman_decor_slide_cut
D:6:      layout_loops_corners, mainiacjoe_overflow_brackets,
          mainiacjoe_overflow_six_doors_small, hangedman_decor_growths,
          nicolae_hexahallways, uniq_blork_the_orc
D:7:      layout_loops_ring, old_standard_altar, serial_shops, shop_coins,
          nicolae_shop_rolled_up, uniq_pikel
D:8:      minmay_general_purpose_star, layout_loops_ring,
          gammafunk_temple_overflow_forgotten, minmay_lair_entry_grove,
          serial_glass, glass_columns_b, glass_columns_b, glass_columns_a,
          glass_columns_a, glass_columns_b, glass_columns_a,
          supply_closet_lemuel, serial_library_hellmonk_reading_circle
D:9:      layout_basic, mainiacjoe_overflow_paths, zin_scriptorium
D:10:     layout_loops_corners
D:11:     layout_rooms, centaur_isle
D:12:     layout_loops_corners, portal_ice_cave_rime,
          nicolae_looking_at_the_future
D:13:     layout_basic, lightli_vaults_fourway_checkpoint, uniq_urug,
          uniq_lodul, uniq_snorg
D:14:     layout_loops_ring, kennysheep_another_room, ebering_ghost_rock_garden,
          kennysheep_generic_room_14
D:15:     grunt_enter_depths_hoard, layout_loops_corners, serial_undead,
          serial_undead_e, serial_undead_e, serial_undead_d, serial_undead_a,
          serial_undead_a, serial_undead_b, serial_undead_b
Temple:   hellmonk_temple_forest_ring
Lair:1:   gammafunk_cloud_chamber, layout_long_grid, serial_bayou_pond_b,
          nicolae_lair_lindhole, grunt_megastairs_5,
          infiniplex_staircase_pool_2, lemuel_fruit_tree
Lair:2:   layout_loops_ring, nzn_random_ring
Lair:3:   layout_chaotic_city, swamp_mist, hellmonk_spider_entry_life_and_decay,
          basic_altar, grunt_megastairs_4, lemuel_fruit_fields,
          serial_bayou_shore_b
Lair:4:   layout_big_grid, serial_bayou_shore_a, uniq_kirke, uniq_nessos
Lair:5:   gammafunk_lair_ancient_temple, layout_regular_city, slime_entry_1
Swamp:1:  layout_basic_swamp, evilmike_swamp_ruin_rubble_2
Swamp:2:  layout_falls_marsh, evilmike_swamp_ruin_rubble_1, swamp_pool_1_2,
          nicolae_swamp_snake_nest, uniq_frances
Swamp:3:  layout_basic_swamp, hangedman_swamp_ruin_wall, swamp_pool_4
Swamp:4:  swamp_alternative, layout_basic_swamp
Spider:1: layout_spider_delve, nicolae_spider_paper_wasps,
          hangedman_spider_tarantella_strand, uniq_roxanne, uniq_azrael
Spider:2: layout_spider_delve, uniq_donald, uniq_nikola
Spider:3: nicolae_spider_obnoxious_hallway
Spider:4: hellmonk_spider_rune_bug_friends
Orc:1:    layout_diamond_mine
Orc:2:    grunt_orc_gardens, layout_caves, grunt_orc_garden, grunt_orc_garden,
          grunt_orc_garden, grunt_orc_garden, gammafunk_ghost_berserking_beasts,
          basic_altar
Elf:1:    minmay_elf_arrival_circle, layout_geoelf_grid,
          hellmonk_ghost_happy_afterlife, nicolae_elf_crossing_hall,
          nicolae_elf_glass_and_crystal_pillar_1, grunt_ministairs_2, drop_trap
Elf:2:    elven_hall_of_blades_hangedman_original
          [nicolae_blade_entry_splitting_headache], layout_loops_cross,
          serial_shops, nicolae_shop_window_shopping, basic_altar,
          uniq_asterion, uniq_agnes
Vaults:1: gammafunk_ghost_spectres, nicolae_vaults_storage_closets_3,
          hangedman_vaults_corner_blocks, grunt_vaults_diagonal,
          vaults_room_door_hall, nicolae_vaults_ring_of_whatevers, v_misc_12,
          nicolae_vaults_crenellated_ambush, nicolae_vaults_two_Ls, v_misc_2,
          nicolae_vaults_more_shelving_2, v_misc_11, layout_vaults_big_room,
          serial_shops, nicolae_shop_pleasant_corner_grove
Vaults:2: minmay_crypt_entry_necro_gods, gammafunk_sealed_library,
          nicolae_vaults_tetromino_T_2, v_misc_9, v_misc_27,
          nicolae_vaults_double_plus_2, v_misc_32,
          nicolae_vaults_hexular_roomagon, grunt_vaults_focal,
          nicolae_vaults_angled_halls, v_misc_8, hangedman_vaults_hat,
          layout_vaults_maze_bifur, uniq_saint_roka
Vaults:3: nicolae_vaults_lightning_bolt, v_alt_pattern_4,
          nicolae_vaults_tangram_1, v_misc_4, ontoclasm_vaults_pinch,
          nicolae_vaults_house_3, ontoclasm_vaults_hangar,
          layout_vaults_quadrants
Vaults:4: infiniplex_enter_wizlab_glasses, nicolae_vaults_shrinking_rooms_1,
          v_misc_8, nicolae_vaults_little_squares_1, nicolae_vaults_meiosis,
          nicolae_vaults_stand_back, nicolae_vaults_trapezoid_1, v_misc_10,
          hangedman_vaults_slice, v_pattern_4, layout_vaults_omnicross,
          uniq_frederick, uniq_jory
Vaults:5: serial_shops
Crypt:1:  layout_catacombs, nicolae_danse_macabre
Crypt:2:  layout_regular_city
Crypt:3:  due_elkab, layout_chaotic_city
Depths:1: layout_small_grid, minmay_misc_feat_tiny, grunt_mini_vestibule,
          serial_shops, shop, nicolae_diode_quadrants, minmay_shop_star
Depths:2: nicolae_terramorphic_expanse [nicolae_terramorphic_quarter,
          nicolae_terramorphic_quarter, nicolae_terramorphic_quarter,
          nicolae_terramorphic_quarter, nicolae_terramorphic_quarter,
          nicolae_terramorphic_biome, nicolae_terramorphic_biome,
          nicolae_terramorphic_biome, nicolae_terramorphic_biome],
          layout_cave_pools, enter_ziggurat_c, pan_entry,
          evilmike_ruin_ashenzari, pf_dread_powers_of_hell
Depths:3: minmay_broken_ring, layout_cave_pools, pan_entry,
          serial_library_hellmonk_hallway_a, hell_entry, abyss_entry,
          minmay_holes, library_closet, minmay_staircase_bubble
Depths:4: grunt_zot_entry_bicorn, layout_basic, nicolae_eternal_life,
          serial_shops, nicolae_inconvenience_store, shop,
          nicolae_shop_bloodbath_and_beyond, shop_statue, hell_entry,
          due_unseen_surprise, uniq_grunn
Zot:1:    nicolae_moth_party, layout_twisted_circle, grunt_ministairs_14
Zot:2:    hangedman_zot_vaults_quadrants, layout_onion
Zot:3:    layout_onion_interference
Zot:4:    layout_concentric_octagons, ebering_ghost_gozag,
          hangedman_zot_decor_unnerving_road
Zot:5:    layout_basic

Skill      XL: |  1  2  3  4  5  6  7  8  9 10 11 12 13 14 15 16 17 18 19 20 21 22 23 24 25 |
---------------+----------------------------------------------------------------------------+-----
Fighting       | 4 5 6 7 8 9 10 11 12 13 14 16 17 18 19 21 22 24 25 26 27 | 27.0
Shields        | 4 5 6 7 8 9 10 11 13 14 15 16 17 18 20 21 22 | 22.7
Armour         | 4 5 6 7 8 9 10 11 13 14 15 16 17 18 19 20 21 22 | 22.7
Invocations    | 2 3 5 6 7 10 13 15 17 18 19 | 19.8
Maces & Flails | 5 8 10 12 | 12.7
Evocations     | 1 5 7 9 10 11 12 13 14 17 18 19 | 19.6
Dodging        | 5 10 14 17 19 | 19.5
Long Blades    | |  2.8

Action                     |  1- 3 |  4- 6 |  7- 9 | 10-12 | 13-15 | 16-18 | 19-21 | 22-24 | 25-27 || total
---------------------------+-------+-------+-------+-------+-------+-------+-------+-------+-------++-------
  Melee: Long sword        |    76 |    36 |       |       |       |       |       |       |       ||   112
         Headbutt          |     8 |    25 |    40 |    82 |   215 |   378 |   610 |   829 |   287 ||  2474
         Dagger            |       |    89 |    29 |       |       |       |       |       |       ||   118
         Whip              |       |       |   133 |       |       |       |       |       |       ||   133
         Morningstar       |       |       |    82 |   201 |    85 |     4 |    18 |       |       ||   390
         Demon whip        |       |       |       |   193 |   737 |  1277 |  1642 |  1805 |   642 ||  6296
  Throw: Dart              |       |     5 |    23 |       |       |       |       |       |       ||    28
 Invoke: Minor Destruction |       |       |       |   226 |   553 |   597 |   480 |   675 |   134 ||  2665
         Lesser Servant of |       |       |       |     1 |    10 |     1 |       |       |       ||    12
         Major Destruction |       |       |       |       |     6 |       |     1 |     4 |     3 ||    14
         Greater Servant o |       |       |       |       |     3 |     2 |     5 |     4 |     4 ||    18
Ability: Evoke Invisibilit |       |       |       |     2 |       |       |       |       |       ||     2
  Evoke: Wand              |       |       |       |     6 |    44 |    11 |    40 |    18 |    24 ||   143
         Phial of floods   |       |       |       |       |       |     1 |     2 |       |       ||     3
         Lightning rod     |       |       |       |       |       |       |       |       |     4 ||     4
         Sack of spiders   |       |       |       |       |       |       |       |       |     1 ||     1
    Use: Scroll            |     3 |     4 |     3 |    10 |    17 |    10 |    18 |    12 |     5 ||    82
         Potion            |       |       |     2 |     3 |     4 |     7 |    10 |     5 |    11 ||    42
   Stab: Invisible         |       |       |     2 |     4 |       |     5 |       |       |       ||    11
         Distracted        |       |       |       |     2 |       |     4 |       |     1 |       ||     7
         Held in net/web   |       |       |       |       |       |     1 |       |       |       ||     1
         Paralysed         |       |       |       |       |       |       |     6 |       |       ||     6
 Armour: Scale mail        |    51 |    73 |    53 |       |       |       |       |       |       ||   177
         Chain mail        |       |       |    63 |   117 |   453 |     2 |       |       |       ||   635
         Ring mail         |       |       |    59 |   289 |       |       |       |       |       ||   348
         Plate armour      |       |       |       |       |       |  1047 |  1033 |   827 |   247 ||  3154
  Dodge: Dodged            |    33 |    38 |   111 |   169 |   148 |   291 |   253 |   475 |   184 ||  1702
  Block: Buckler           |    15 |    22 |    78 |   141 |   188 |       |       |       |       ||   444
         Reflection        |       |       |       |       |    15 |     5 |    26 |       |       ||    46
         Kite shield       |       |       |       |       |   146 |   754 |   936 |  1073 |   333 ||  3242
Riposte: Demon whip        |       |       |       |       |       |    68 |    77 |   353 |   128 ||   626
         Morningstar       |       |       |       |       |       |       |     6 |       |       ||     6
